 Dungeon Crawl Stone Soup version 0.18-a0-1121-gb454403 (webtiles) character file.

35 Geeful the Magician (level 3, 0/21 HPs)
             Began as an Octopode Wizard on Jan 18, 2016.
             Succumbed to an adder's poison
             ... on level 2 of the Dungeon.
             The game lasted 00:03:35 (1538 turns).

Geeful the Magician (Octopode Wizard)               Turns: 1538, Time: 00:03:35

Health: 0/21       AC:  1    Str:  6    XL:     3   Next: 35%
Magic:  7/8        EV: 12    Int: 21    God:
Gold:   40         SH:  0    Dex: 10    Spells: 3 memorised, 4 levels left

rFire  . . .     SeeInvis +     e - +0 short sword
rCold  . . .     Gourm    .     (no shield)
rNeg   . . .     Faith    .     a - +0 hat
rPois  .         Spirit   .     (no amulet)
rElec  .         Dismiss  .     h - ring of see invisible
rCorr  .         Reflect  .     l - ring of flight
SustAt .         Harm     .     (no ring)
MR     .....                    (no ring)
Stlth  +++.......               (no ring)
                                (no ring)
                                (no ring)
                                (no ring)

@: lethally poisoned (0 -> -15), very slightly contaminated, repel missiles, not
resistant to hostile enchantments, fairly stealthy
A: almost no armour, amphibious, 8 rings, constrict 8, camouflage 1, gelatinous
body 1
a: Evoke Flight


You were on level 2 of the Dungeon.
You were hungry.

You visited 1 branch of the dungeon, and saw 2 of its levels.

You collected 40 gold pieces.

Inventory:

Hand Weapons
 e - a +0 short sword (weapon)
Armour
 a - a +0 hat (worn)
Jewellery
 h - a ring of see invisible (left tentacle)
 l - a ring of flight (right tentacle)
Scrolls
 d - a scroll of magic mapping {unknown}
 m - a scroll of amnesia {unknown}
Potions
 j - a potion of might
Books
 b - a book of Minor Magic

   Spells                             Type                      Level
   a - Magic Dart                     Conjuration                  1
   b - Blink                          Translocation                2
   c - Call Imp                       Summoning                    2
   d - Repel Missiles                 Charms/Air                   2
   e - Slow                           Hexes                        2
   f - Conjure Flame                  Conjuration/Fire             3
   g - Mephitic Cloud                 Conjuration/Poison/Air       3
Comestibles
 c - a bread ration
 g - a beef jerky


   Skills:
 - Level 2.0 Dodging
 - Level 2.6 Stealth
 + Level 3.6 Spellcasting
 + Level 2.1 Conjurations
 - Level 1.0 Summonings
   Level 1.0 Translocations


You had 4 spell levels left.
You knew the following spells:

 Your Spells              Type           Power        Failure   Level  Hunger
a - Magic Dart            Conj           ##..         6%          1    None
b - Call Imp              Summ           #.......     14%         2    ##.....
c - Repel Missiles        Chrm/Air       #.....       21%         2    ##.....


Dungeon Overview and Level Annotations

Branches:
Dungeon (2/15)

Altars:


Innate Abilities, Weirdness & Mutations

You cannot wear most types of armour.
You are amphibious.
You can wear up to eight rings at the same time.
You can use your tentacles to constrict eight enemies at once.
Your skin changes colour to match your surroundings (Stealth).
Your rubbery body absorbs attacks (AC +1).


Message History

Drink which item? (? for menu, Esc to quit)
Okay, then.
You miss the adder. You grab the adder.
The adder is almost dead.
You constrict the adder, but do no damage.
* * * LOW HITPOINT WARNING * * *
You feel sick. The adder misses you. The adder bites you.
* * * LOW HITPOINT WARNING * * *
Casting: Call Imp
Confirm with . or Enter, or press ? or * to list all spells.
Aiming: Magic Dart
Press: ? - help, Shift-Dir - straight line, f - adder
Aim: an adder (almost dead, constricted by you)
The magic dart hits the adder.
You kill the adder!
* * * LOW HITPOINT WARNING * * *
You feel sick.
Drink which item? (? for menu, Esc to quit)
Okay, then.
You die...

.#########
.........#
.........#
.........#
.........#
......5@<#
.?.....).#
.........#
.........#
..........
#########..
##


You could see a friendly crimson imp.

Vanquished Creatures
  An adder (D:2)
  A giant gecko (D:1)
  4 bats (D:1)
  7 hobgoblins (D:1)
  2 jackals (D:1)
  A goblin (D:1)
  2 kobolds (D:1)
  A rat (D:1)
19 creatures vanquished.

Vanquished Creatures (collateral kills)
  An ooze (D:1)
  A worm (D:1)
2 creatures vanquished.

Grand Total: 21 creatures vanquished

Notes
Turn   | Place    | Note
--------------------------------------------------------------
     0 | D:1      | Geeful the Octopode Wizard began the quest for the Orb.
     0 | D:1      | Reached XP level 1. HP: 11/11 MP: 4/4
   375 | D:1      | Reached XP level 2. HP: 7/17 MP: 6/6
   680 | D:1      | Learned a level 2 spell: Call Imp
   683 | D:1      | Learned a level 2 spell: Repel Missiles
  1375 | D:1      | Reached XP level 3. HP: 18/21 MP: 8/8
  1537 | D:2      | HP: 1/21 [poisoned by an adder]
  1538 | D:2      | Succumbed to an adder's poison

Vault maps used:
D:1:      dpeg_arrival_shelter
D:2:      first_bread, ecumenical_altar_1, serial_glass, glass_columns_a,
          glass_columns_a, uniq_iyjb, uniq_terence

Action                   || total
-------------------------++-------
Melee: Short sword       ||    46
 Cast: Magic Dart        ||     9
       Call Imp          ||     3
       Repel Missiles    ||     1
  Use: Scroll            ||     2
       Potion            ||     1
 Stab: Sleeping          ||     8
  Eat: Beef jerky        ||     1
